 Dungeon Sprint DCSS version 0.24-a0-581-gc0fa660 (webtiles) character file.

Game seed: 7614143324042836322

1292 silentkaos13 the Spear-Bearer (level 8, -14/71 HPs)
             Began as a Gnoll Berserker on Aug 24, 2019.
             Was an Elder of Trog.
             Demolished by a deep troll (15 damage)
             ... in the Dungeon (Sprint I: "Red Sonja").
             The game lasted 00:04:37 (1189 turns).

silentkaos13 the Spear-Bearer (Gnoll Berserker)     Turns: 1189, Time: 00:04:38

Health: -14/71     AC:  6    Str: 23    XL:     8   Next: 56%
Magic:  17/17      EV: 16    Int: 10    God:    Trog [****..]
Gold:   513        SH:  0    Dex: 15    Spells: 20/20 levels left

rFire    x . .     SeeInvis +   a - +0 spear
rCold    + + .     Gourm    .   (no shield)
rNeg     . . .     Faith    .   l - +0 ring mail
rPois    .         Spirit   .   (no helmet)
rElec    .         Reflect  .   (no cloak)
rCorr    .         Harm     .   (no gloves)
MR       ++...     NoTele   +   (no boots)
Stlth    ++++......             (no amulet)
HPRegen  1.21/turn              m - ring "Poolekia" {rF- rC++ Str+2 SInv Stlth+}
MPRegen  0.15/turn              (no ring)

@: regenerating
A: distributed training, fangs 1, strong nose
a: Berserk, Trog's Hand, Brothers in Arms, Renounce Religion


You were in the Dungeon.
You worshipped Trog.
Trog was greatly pleased with you.
You were not hungry.

You visited 1 branch You collected 513 gold pieces.

Inventory:

Hand Weapons
 a - a +0 spear (weapon)
Missiles
 c - 8 curare-tipped darts (quivered)
Armour
 b - a +0 animal skin
 l - a +0 ring mail (worn)
Jewellery
 m - the ring "Poolekia" (left hand) {rF- rC++ Str+2 SInv Stlth+}
   (You acquired it in the Dungeon)

   [ring of strength]

   It affects your strength (+2).
   It makes you vulnerable to fire.
   It greatly protects you from cold.
   It lets you see invisible.
   It makes you more stealthy.
Wands
 j - a wand of polymorph (11)
Scrolls
 i - a scroll of blinking
 n - a scroll of identify {unknown}
Potions
 d - a potion of curing
 e - a potion of heal wounds
 f - a potion of haste
 g - 2 potions of magic
 h - a potion of berserk rage
 k - a potion of lignification {unknown}


   Skills:
 + Level 9.3 Fighting
 + Level 6.5 Short Blades
 + Level 6.5 Long Blades
 + Level 6.5 Axes
 + Level 6.5 Maces & Flails
 + Level 9.3 Polearms
 + Level 6.5 Staves
 + Level 6.5 Slings
 + Level 6.5 Bows
 + Level 6.5 Crossbows
 + Level 6.5 Throwing
 + Level 8.0 Armour
 + Level 8.0 Dodging
 + Level 6.5 Stealth
 + Level 6.5 Shields
 + Level 6.5 Unarmed Combat
 + Level 6.5 Spellcasting
 + Level 5.4 Conjurations
 + Level 5.4 Hexes
 + Level 5.4 Charms
 + Level 5.4 Summonings
 + Level 5.4 Necromancy
 + Level 5.4 Translocations
 + Level 5.4 Transmutations
 + Level 5.4 Fire Magic
 + Level 5.4 Ice Magic
 + Level 5.4 Air Magic
 + Level 5.4 Earth Magic
 + Level 5.4 Poison Magic
 + Level 7.1 Invocations
 + Level 6.5 Evocations


You had 20 spell levels left.
You didn't know any spells.
Your spell library was empty.

Dungeon Overview and Level Annotations

Branches:
Dungeon (1/1)

Altars:
Cheibriados
Dithmenos
Elyvilon
Fedhas
Gozag
Hepliaklqana
Kikubaaqudgha
Makhleb
Nemelex Xobeh
Okawaru
Qazlal
Ru
Sif Muna
Trog
Uskayaw
Vehumet
Wu Jian
Xom
Yredelemnul
Zin
The Shining One
Jiyva
Lugonu

Shops:
D (?


Innate Abilities, Weirdness & Mutations

Your experience applies equally to all skills.
You have very sharp teeth.
Your uncanny sense of smell can sniff out nearby items.


Message History

Attack whom?
Press: ? - help, Dir - move target cursor, f/p - deep troll
Aim: a deep troll (severely wounded, slow, poisoned)
You reach to attack!
You barely miss the deep troll.
The deep troll is severely wounded.
You hit the deep troll but do no damage.
The deep troll is severely wounded.
You puncture the deep troll!
The deep troll is almost dead.
The deep troll bites you!
* * * LOW HITPOINT WARNING * * *
The deep troll completely misses you. The deep troll barely misses you.
You hit the deep troll. Your bite misses the deep troll.
The deep troll is almost dead.
You barely miss the deep troll. You punch the deep troll.
The deep troll is almost dead.
The deep troll misses you. The deep troll claws you.
* * * LOW HITPOINT WARNING * * *
The deep troll claws you!
You die...

#..#####'#####'#__#
#..####..#...#.####
#..#__####..##(#
#..#_____##'#_.+
#⌠⌠#_.∩...'..._#
####_÷.__##_.#'#
∆∆#_____###'#.#∆∆∆
############.####+#
#∩@T....(.'...'$(.$
###++++####.).#####
##.## ∆#+#∆ ∆∆∆∆∆
∆∆∆∆∆ ∆∆∆∆ ∆∆∆


You could see a deep troll.

Vanquished Creatures
  2 kobold demonologists (D)
  A slime creature (D)
  Sigmund (D)
  A yak (D)
  A golden eye (D)
  A floating eye (D)
  An ogre (D)
  A jelly (D)
  Ijyb (D)
10 creatures vanquished.

Notes
Turn   | Place    | Note
-------+----------+-------------------------------------------
     0 | D        | silentkaos13 the Gnoll Berserker began the quest for the
                  | Orb.
     0 | D        | Reached XP level 1. HP: 23/23 MP: 1/1
     1 | D        | Noticed Ijyb
    15 | D        | Killed Ijyb
    15 | D        | Reached skill level 1 in Short Blades
    15 | D        | Reached skill level 1 in Long Blades
    15 | D        | Reached skill level 1 in Axes
    15 | D        | Reached skill level 1 in Maces & Flails
    15 | D        | Reached skill level 1 in Staves
    15 | D        | Reached skill level 1 in Slings
    15 | D        | Reached skill level 1 in Bows
    15 | D        | Reached skill level 1 in Crossbows
    15 | D        | Reached skill level 1 in Throwing
    15 | D        | Reached skill level 1 in Stealth
    15 | D        | Reached skill level 1 in Shields
    15 | D        | Reached skill level 1 in Unarmed Combat
    15 | D        | Reached skill level 1 in Spellcasting
    15 | D        | Reached skill level 1 in Conjurations
    15 | D        | Reached skill level 1 in Hexes
    15 | D        | Reached skill level 1 in Charms
    15 | D        | Reached skill level 1 in Summonings
    15 | D        | Reached skill level 1 in Necromancy
    15 | D        | Reached skill level 1 in Translocations
    15 | D        | Reached skill level 1 in Transmutations
    15 | D        | Reached skill level 1 in Fire Magic
    15 | D        | Reached skill level 1 in Ice Magic
    15 | D        | Reached skill level 1 in Air Magic
    15 | D        | Reached skill level 1 in Earth Magic
    15 | D        | Reached skill level 1 in Poison Magic
    15 | D        | Reached skill level 1 in Invocations
    15 | D        | Reached skill level 1 in Evocations
    15 | D        | Reached XP level 2. HP: 29/29 MP: 1/4
    15 | D        | Reached XP level 3. HP: 35/35 MP: 1/5
    16 | D        | Noticed an ogre
    24 | D        | Killed an ogre
    24 | D        | Reached skill level 5 in Armour
    24 | D        | Reached skill level 5 in Dodging
    24 | D        | Reached XP level 4. HP: 43/43 MP: 1/8
   110 | D        | Noticed Sigmund
   125 | D        | Killed Sigmund
   125 | D        | Reached ** piety under Trog
   125 | D        | Reached XP level 5. HP: 34/49 MP: 8/11
   125 | D        | Reached XP level 6. HP: 39/56 MP: 8/12
   225 | D        | Found an ornate altar of the Wu Jian Council.
   225 | D        | Found a shimmering blue altar of Sif Muna.
   227 | D        | Found a radiant altar of Vehumet.
   259 | D        | Found Nikkonu's Magic Scroll Emporium.
   259 | D        | Found an ancient bone altar of Kikubaaqudgha.
   259 | D        | Found a hazy altar of Hepliaklqana.
   259 | D        | Found a stormy altar of Qazlal.
   259 | D        | Found a hide-covered altar of Uskayaw.
   259 | D        | Found a blossoming altar of Fedhas.
   259 | D        | Found a bloodstained altar of Trog.
   259 | D        | Found an iron altar of Okawaru.
   259 | D        | Found a basalt altar of Yredelemnul.
   259 | D        | Found a glowing golden altar of the Shining One.
   259 | D        | Found a snail-covered altar of Cheibriados.
   259 | D        | Found a sacrificial altar of Ru.
   259 | D        | Found a glowing silver altar of Zin.
   259 | D        | Found a shadowy altar of Dithmenos.
   259 | D        | Found a white marble altar of Elyvilon.
   259 | D        | Noticed a yak
   279 | D        | Killed a yak
   279 | D        | Reached skill level 5 in Short Blades
   279 | D        | Reached skill level 5 in Long Blades
   279 | D        | Reached skill level 5 in Axes
   279 | D        | Reached skill level 5 in Maces & Flails
   279 | D        | Reached skill level 5 in Staves
   279 | D        | Reached skill level 5 in Slings
   279 | D        | Reached skill level 5 in Bows
   279 | D        | Reached skill level 5 in Crossbows
   279 | D        | Reached skill level 5 in Throwing
   279 | D        | Reached skill level 5 in Stealth
   279 | D        | Reached skill level 5 in Shields
   279 | D        | Reached skill level 5 in Unarmed Combat
   279 | D        | Reached skill level 5 in Spellcasting
   279 | D        | Reached skill level 5 in Invocations
   279 | D        | Reached skill level 5 in Evocations
   279 | D        | Reached XP level 7. HP: 16/63 MP: 12/14
   280 | D        | Found an opulent altar of Gozag.
   283 | D        | Found a sparkling altar of Nemelex Xobeh.
   533 | D        | Identified a scroll of acquirement
   534 | D        | Got a clouded amber ring
   535 | D        | Identified the ring "Poolekia" {rF- rC++ Str+2 SInv Stlth+}
                  | (You acquired it in the Dungeon)
   539 | D        | Found a burning altar of Makhleb.
   539 | D        | Found a viscous altar of Jiyva.
   539 | D        | Found a shimmering altar of Xom.
   539 | D        | Found a corrupted altar of Lugonu.
   539 | D        | Noticed a slime creature
   550 | D        | Killed a slime creature
   643 | D        | Noticed a kobold demonologist
   643 | D        | Noticed a kobold demonologist
   648 | D        | Paralysed by a floating eye for 2 turns
   657 | D        | Paralysed by a floating eye for 2 turns
   661 | D        | Noticed a smoke demon
   663 | D        | Killed a kobold demonologist
   663 | D        | Reached *** piety under Trog
   663 | D        | Reached skill level 5 in Conjurations
   663 | D        | Reached skill level 5 in Hexes
   663 | D        | Reached skill level 5 in Charms
   663 | D        | Reached skill level 5 in Summonings
   663 | D        | Reached skill level 5 in Necromancy
   663 | D        | Reached skill level 5 in Translocations
   663 | D        | Reached skill level 5 in Transmutations
   663 | D        | Reached skill level 5 in Fire Magic
   663 | D        | Reached skill level 5 in Ice Magic
   663 | D        | Reached skill level 5 in Air Magic
   663 | D        | Reached skill level 5 in Earth Magic
   663 | D        | Reached skill level 5 in Poison Magic
   663 | D        | Reached XP level 8. HP: 71/71 MP: 15/17
   670 | D        | Killed a kobold demonologist
   670 | D        | Reached **** piety under Trog
   812 | D        | Noticed Sonja
   813 | D        | Noticed Sonja
   813 | D        | Sonja changed into Sonja the golden eye
   873 | D        | Killed Sonja the golden eye
  1139 | D        | Found Zauf's Weapon Boutique.
  1159 | D        | Noticed a deep troll
  1187 | D        | HP: 2/71 [deep troll (16)]
  1189 | D        | Demolished by a deep troll

Levels and vault maps discovered:
D:        dungeon_sprint_1 [red_sonja_temple_1, red_sonja_temple_small_1]

Skill      XL: |  1  2  3  4  5  6  7  8 |
---------------+-------------------------+-----
Short Blades   | 1 2 4 5 6 |  6.5
Long Blades    | 1 2 4 5 6 |  6.5
Axes           | 1 2 4 5 6 |  6.5
Maces & Flails | 1 2 4 5 6 |  6.5
Staves         | 1 2 4 5 6 |  6.5
Slings         | 1 2 4 5 6 |  6.5
Bows           | 1 2 4 5 6 |  6.5
Crossbows      | 1 2 4 5 6 |  6.5
Throwing       | 1 2 4 5 6 |  6.5
Stealth        | 1 2 4 5 6 |  6.5
Shields        | 1 2 4 5 6 |  6.5
Unarmed Combat | 1 2 4 5 6 |  6.5
Spellcasting   | 1 2 4 5 6 |  6.5
Conjurations   | 1 2 3 4 5 |  5.4
Hexes          | 1 2 3 4 5 |  5.4
Charms         | 1 2 3 4 5 |  5.4
Summonings     | 1 2 3 4 5 |  5.4
Necromancy     | 1 2 3 4 5 |  5.4
Translocations | 1 2 3 4 5 |  5.4
Transmutations | 1 2 3 4 5 |  5.4
Fire Magic     | 1 2 3 4 5 |  5.4
Ice Magic      | 1 2 3 4 5 |  5.4
Air Magic      | 1 2 3 4 5 |  5.4
Earth Magic    | 1 2 3 4 5 |  5.4
Poison Magic   | 1 2 3 4 5 |  5.4
Invocations    | 1 3 4 5 6 7 |  7.1
Evocations     | 1 2 4 5 6 |  6.5
Fighting       | 7 8 9 |  9.3
Polearms       | 7 8 9 |  9.3
Armour         | 5 6 7 8 |  8.0
Dodging        | 5 6 7 8 |  8.0

Action                   |  1- 3 |  4- 6 |  7- 9 || total
-------------------------+-------+-------+-------++-------
Melee: Unarmed           |    11 |       |       ||    11
       Spear             |     4 |    39 |    52 ||    95
       Bite              |     1 |     5 |     6 ||    12
       Punch             |       |     2 |     2 ||     4
Throw: Dart              |       |       |     2 ||     2
Invok: Trog's Hand       |       |       |     2 ||     2
       Berserk           |       |       |     1 ||     1
Evoke: Wand              |       |       |     1 ||     1
  Use: Scroll            |       |       |     1 ||     1
 Stab: Sleeping          |       |       |     1 ||     1
  Eat: Ration            |       |       |     1 ||     1
Armor: Ring mail         |       |     4 |    14 ||    18
Dodge: Dodged            |    10 |    10 |    29 ||    49

Table legend:
 A = Non-vault XP
 B = Vault XP
 C = Vault XP percentage of total XP
 D = Non-vault monster count
 E = Vault monster count
 F = Vault count percentage of total count
                 A         B        C        D         E       F
            +---------+---------+-------+---------+---------+-------
      Total |       0 |    1847 | 100.0 |       0 |      10 | 100.0
            +---------+---------+-------+---------+---------+-------
          D |       0 |    1847 | 100.0 |       0 |      10 | 100.0
            +---------+---------+-------+---------+---------+-------
